 Dungeon Crawl Stone Soup version 0.21.1-1-g345015f (webtiles) character file.

124 Scud the Vandal (level 4, -5/23 HPs)
             Began as a Spriggan Hunter on Mar 17, 2018.
             Killed from afar by an orc wizard (8 damage)
             ... with a magic dart
             ... on level 3 of the Dungeon.
             The game lasted 00:10:30 (1723 turns).

Scud the Vandal (Spriggan Hunter)                   Turns: 1723, Time: 00:10:31

Health: -5/23      AC:  2    Str:  8    XL:     4   Next: 81%
Magic:  5/5        EV: 19    Int: 12    God:
Gold:   90         SH:  0    Dex: 17    Spells: 3/3 levels left

rFire    . . .     SeeInvis +   e - +1 dagger (speed)
rCold    . . .     Gourm    .   (shield restricted)
rNeg     . . .     Faith    .   c - +0 robe
rPois    .         Spirit   .   (helmet restricted)
rElec    .         Reflect  .   (no cloak)
rCorr    .         Harm     .   (gloves unavailable)
MR       .....                  (boots unavailable)
Stlth    +++.......             (no amulet)
HPRegen  0.07/turn              (no ring)
MPRegen  0.09/turn              (no ring)

@: very quick
A: very small, unfitting armour, see invisible, herbivore, speed 3, slow
metabolism 2
a: no special abilities


You were on level 3 of the Dungeon.
You were not hungry.

You visited 1 branch of the dungeon, and saw 3 of its levels.

You collected 90 gold pieces.

Inventory:

Hand Weapons
 a - a +1 hunting sling
 e - a +1 dagger of speed (weapon)
 s - a +0 short sword of venom
Missiles
 d - 79 stones (quivered)
 g - 50 sling bullets
Armour
 c - a +0 robe (worn)
Scrolls
 h - a scroll of enchant armour {unknown}
 i - 2 scrolls of immolation {unknown}
 k - 2 scrolls of identify {unknown}
 l - 2 scrolls of teleportation {unknown}
 m - a scroll of remove curse {unknown}
 n - a scroll of fear {unknown}
 q - a scroll of amnesia {unknown}
 r - 2 scrolls of random uselessness {unknown}
 t - a scroll of magic mapping {unknown}
Potions
 j - a potion of curing {unknown}
 o - a potion of flight {unknown}
 p - 2 potions of heal wounds {unknown}
Comestibles
 f - 5 rations


   Skills:
 + Level 2.0 Fighting
 + Level 6.5 Slings
 + Level 3.4 Dodging
 * Level 3.8 Stealth


You had 3 spell levels left.
You didn't know any spells.

Dungeon Overview and Level Annotations

Branches:
Dungeon (2/15)

Altars:
Zin


Innate Abilities, Weirdness & Mutations

You are very small and have problems with some larger weapons.
You are too small for most types of armour.
You have supernaturally acute eyesight. (SInv)
You are a herbivore.
You cover ground extremely quickly.
You need consume almost no food.


Message History

The magic dart hits you!
You closely miss the orc wizard.
The orc wizard is severely wounded.
The orc wizard barely misses you.
You hit the orc wizard but do no damage.
The orc wizard is severely wounded.
The orc wizard hits you with a dagger.
* * * LOW HITPOINT WARNING * * *
You hit the orc wizard.
The orc wizard is almost dead.
The orc wizard closely misses you.
You closely miss the orc wizard.
The orc wizard is almost dead.
The orc wizard mumbles some strange words.
The orc wizard flickers and vanishes for a moment.
You hit the orc wizard.
The orc wizard is almost dead.
The orc wizard gestures at you while chanting.
The magic dart hits you!
You die...

#.#....#....#.#
.......#......# .
.#........##.##..
.>................
##.......#.#....##.#
..####.#...........# #.#
#.#.#...#.##### #######.#
#.#.#.†.#.#
......#.####.#.#@..#.#####
.####.#......#..o........#
.# #.#..............###.#
.# #.#.######.#(........#
.# #.#.#### #.#.(.....#.#
.# #......# #.#((####'#.
.# ###.##.# #.#$.(......
.# #.##.# #.#(.(....... .#
#.##.# #.#..........


You could see an orc wizard (invisible).

Vanquished Creatures
  An orc wizard (D:3)
  3 gnolls (D:3)
  2 adders
  An ooze (D:3)
  A worm (D:3)
  A dart slug (D:1)
  2 leopard geckos
  An orc (D:3)
  A ball python (D:1)
  4 bats
  A giant cockroach (D:1)
  4 goblins
  3 hobgoblins
  7 jackals
  2 kobolds
  A frilled lizard (D:1)
  6 rats
41 creatures vanquished.

Notes
Turn   | Place    | Note
-------+----------+-------------------------------------------
     0 | D:1      | Scud the Spriggan Hunter began the quest for the Orb.
     0 | D:1      | Reached XP level 1. HP: 10/10 MP: 2/2
    24 | D:1      | Reached skill level 5 in Slings
   144 | D:1      | Reached XP level 2. HP: 14/14 MP: 3/3
  1056 | D:2      | Found a glowing silver altar of Zin.
  1059 | D:2      | Reached XP level 3. HP: 18/18 MP: 4/4
  1122 | D:2      | You fall through a shaft!
  1239 | D:3      | Reached skill level 6 in Slings
  1239 | D:3      | Reached XP level 4. HP: 21/23 MP: 5/5
  1723 | D:3      | Killed from afar by an orc wizard

Skill      XL: |  1  2  3  4 |
---------------+-------------+-----
Slings         | 5 6 |  6.5
Stealth        | 2 3 |  3.8
Fighting       | 2 |  2.0
Dodging        | |  3.4

Action                   |  1- 3 |  4- 6 || total
-------------------------+-------+-------++-------
Melee: Short sword       |    24 |     4 ||    28
       Dagger            |       |    17 ||    17
 Fire: Hunting sling     |    84 |    47 ||   131
Armor: Robe              |     6 |     1 ||     7
Dodge: Dodged            |    38 |    20 ||    58
